 Dungeon Sprint DCSS version 0.17.0-27-g4a3f43e (webtiles) character file.

37793 oplop the Severer (level 13, -3/137 HPs)
             Began as a Minotaur Fighter on Nov 21, 2015.
             Was the Champion of Makhleb.
             Killed by divine providence
             ... invoked by a greater mummy
              (12 damage)
             ... in the Dungeon (Sprint V: "Ziggurat Sprint").
             The game lasted 00:08:24 (864 turns).

oplop the Severer (Minotaur Fighter)                 Turns: 864, Time: 00:08:25

Health: -3/137     AC: 35    Str: 29    XL:     13   Next: 60%
Magic:  23/23      EV: 15    Int:  8    God:    Makhleb [******]
Gold:   16         SH:  0    Dex: 14    Spells: 0 memorised, 12 levels left

rFire  + + +     SeeInvis .     M - +7 great mace "Firestarter" {inner flame, rF++}
rCold  + + .     Clarity  .     K - +15 Maxwell's patent armour {-Cast -Tele rElec MR+ rCorr}
rNeg   + . .     SustAt   .     (shield currently unavailable)
rPois  +         Gourm    .     (helmet restricted)
rElec  +         Spirit   .     (no cloak)
rCorr  +         Warding  .     o - +0 pair of gloves "Reazxosheo" {rF+ Regen+ Int-2}
rMut   .         NoTele   +     (no boots)
MR     +....     NoCast   +     (no amulet)
Stlth  ..........               O - ring "Piyte" {rN+ Str+7 Int+5}
                                P - ring of protection from cold

@: resistant, flayed, drained, somewhat resistant to hostile enchantments,
extremely unstealthy
A: retaliatory headbutt, horns 2
a: Minor Destruction, Lesser Servant of Makhleb, Major Destruction, Greater
Servant of Makhleb, Renounce Religion


You were in the Dungeon.
You worshipped Makhleb.
Makhleb was exalted by your worship.
You were hungry.

You visited 1 branch You collected 16 gold pieces.

Inventory:

Hand Weapons
 a - a +0 war axe
 J - the +14 obsidian axe {chop, +Fly Str+3 SInv *Curse}
   (You found it in the Dungeon)

   It inflicts extra damage upon your enemies.
   It affects your strength (+3).
   It lets you see invisible.
   It lets you fly.
   It may re-curse itself when equipped.
 M - the +7 great mace "Firestarter" (weapon) {inner flame, rF++}
   (You found it in the Dungeon)

   It has been specially enchanted to burn those struck by it, causing extra
   injury to most foes and up to half again as much damage against particularly
   susceptible opponents.
   It greatly protects you from fire.
Armour
 b - a +0 scale mail
 c - a +0 shield
 o - the +0 pair of gloves "Reazxosheo" (worn) {rF+ Regen+ Int-2}
   (You found it in the Dungeon)

   It affects your intelligence (-2).
   It protects you from fire.
   It increases your rate of regeneration.
 K - the +15 Maxwell's patent armour (worn) {-Cast -Tele rElec MR+ rCorr}
   (You found it in the Dungeon)

   It insulates you from electricity.
   It affects your resistance to hostile enchantments.
   It prevents spellcasting.
   It prevents most forms of teleportation.
   It protects you from acid and corrosion.
 L - the +18 shield of the gong {rElec rN+ MR+ EV-5}
   (You found it in the Dungeon)

   It affects your evasion (-5).
   It insulates you from electricity.
   It protects you from negative energy.
   It affects your resistance to hostile enchantments.
Jewellery
 D - a +6 ring of dexterity
 E - a +6 ring of dexterity
 F - a +6 ring of intelligence
 G - a +6 ring of intelligence
 H - a +6 ring of strength
 I - a +6 ring of strength
 N - the cursed necklace of Bloodlust {*Rage +Rage MR+ Str+2 Int-2 Slay+3 *Curse}
   (You found it in the Dungeon)

   [amulet of rage]

   It affects your strength (+2).
   It affects your intelligence (-2).
   It affects your accuracy and damage with ranged weapons and melee attacks
   (+3).
   It affects your resistance to hostile enchantments.
   It lets you go berserk.
   It may make you go berserk in combat.
   It may re-curse itself when equipped.
   It has a curse placed upon it.
 O - the ring "Piyte" (right hand) {rN+ Str+7 Int+5}
   (You found it in the Dungeon)

   [ring of intelligence]

   It affects your strength (+7).
   It affects your intelligence (+5).
   It protects you from negative energy.
 P - a ring of protection from cold (left hand)
Wands
 y - a wand of disintegration (7)
 A - a wand of fire (5)
 B - a wand of cold (5)
 C - a wand of draining (5)
 Q - a wand of invisibility (5)
 R - a wand of hasting (8)
Scrolls
 k - 4 scrolls of blinking
 q - 4 scrolls of amnesia
 r - 3 scrolls of recharging
 s - 6 scrolls of fog
 t - a scroll of holy word
 u - 5 scrolls of identify
 v - 3 scrolls of remove curse
 w - 2 scrolls of fear
Potions
 d - 6 potions of might
 f - 10 potions of curing
 g - 10 potions of heal wounds
 h - 6 potions of haste
 i - 7 potions of magic
 j - 3 potions of berserk rage
 l - 2 potions of brilliance
 m - 2 potions of invisibility
 n - 3 potions of resistance
 p - 6 potions of agility
Miscellaneous
 S - a lamp of fire (inert)
Comestibles
 e - 5 bread rations
 x - 42 fruits
 z - 4 meat rations


   Skills:
 + Level 19.0(18.9) Fighting
 - Level 20.1(20.0) Axes
 + Level 19.0(18.9) Armour
 + Level 12.2(12.1) Dodging
 - Level 14.9(14.8) Shields
 + Level 15.6(15.5) Invocations
 + Level 0.0 Evocations


You had 12 spell levels left.
You didn't know any spells.

Dungeon Overview and Level Annotations

Branches:
Dungeon (1/1)

Altars:
Ashenzari
Cheibriados
Dithmenos
Elyvilon
Fedhas
Gozag
Kikubaaqudgha
Makhleb
Nemelex Xobeh
Okawaru
Qazlal
Ru
Sif Muna
Trog
Vehumet
Xom
Yredelemnul
Zin
The Shining One
Beogh
Jiyva
Lugonu

Annotations:
D Prince Ribbit


Innate Abilities, Weirdness & Mutations

You reflexively headbutt those who attack you in melee.
You have a pair of horns on your head.


Message History

Unknown command.
You barely miss the greater mummy.
The greater mummy is heavily damaged.
You are engulfed in negative energy.
You resist. You partially resist.
You feel drained.
* * * LOW HITPOINT WARNING * * *
The death scarab closely misses you. The killer bee closely misses you.
The death scarab closely misses you. The killer bee closely misses you.
The greater mummy calls on the powers of darkness!
The orc convulses! x2
Your body is wracked with pain!
* * * LOW HITPOINT WARNING * * *
The killer bee convulses!
The mummy priest utters an invocation to its god.
The flayed ghost cries, "Feel what I felt!"
The killer bee barely misses you. The flayed ghost closely misses you.
The greater mummy hits you but does no damage.
The greater mummy casts a spell at you. Something smites you!
You die...

▓▓▓▓▓▓▓▓▓▓▓▓▓▓▓..:})):
▓.....8©8.... ▓...}[4=
▓..)[M|:})[)..▓.......
▓..[=M4MZn}...▓.......
▓....W4MM8M...▓.......
▓.§..4M§HM....▓......)
▓..§4zMHWo....▓..▓.)[)
▓..ZBM8o......▓.▓▓▓(|(
▓...M@WZ.5....▓..▓..()
▓..▓..y§...▓. ▓....(..
▓ ▓▓.....▓▓ ▓▓▓▓▓▓▓▓
▓..▓.......▓..▓....8©8
▓.............▓...:)|3
▓.............▓...)))}
▓▓▓▓▓▓▓▓▓▓▓▓▓▓▓.......
▓....... ▓.......


You could see 2 greater mummies, 2 mummy priests, 2 flayed ghosts, 3 orange
demons, 2 anubis guards, a hellwing, a guardian mummy, 2 ushabtiu, a hungry
ghost, a death scarab, a necrophage, a flying skull, 6 mummies, a killer bee, a
crimson imp, a jackal simulacrum, 2 orcs, a jackal zombie and a giant frog
skeleton.

Vanquished Creatures
  An ancient lich (D)
  Saint Roka (D)
  Nikola (D)
  A lich (D)
  Polyphemus (D)
  A fire giant (D)
  Maud (D)
  2 balrugs (D)
  Azrael (D)
  Harold (D)
  An ice dragon (D)
  2 vampire magi (D)
  Urug (D)
  2 hell hogs (D)
  Nergalle (D)
  2 necromancers (D)
  A phantasmal warrior (D)
  8 toenail golems (D)
  Maurice (D)
  2 gargoyles (D)
  Psyche (D)
  2 hellions (D)
  A spiny frog (D)
  A fire drake (D)
  An efreet (D)
  3 jumping spiders (D)
  Grinder (D)
  A freezing wraith (D)
  5 shadows (D)
  A spriggan (D)
  2 tarantellas (D)
  2 fire elementals (D)
  2 vampires (D)
  A golden eye (D)
  Edmund (D)
  A hell hound (D)
  2 wolves (D)
  2 porcupines (D)
  2 ice beasts (D)
  3 necrophages (D)
  2 small abominations (D)
  4 earth elementals (D)
  5 scorpions (D)
  2 wights (D)
  4 crimson imps (D)
  4 jellies (D)
  3 quasits (D)
  An iron imp (D)
  A sheep (D)
  A mummy (D)
  2 shadow imps (D)
  2 white imps (D)
  An ufetubus (D)
  4 adder skeletons (D)
  4 adder zombies (D)
  3 bat skeletons (D)
  2 bat zombies (D)
  A ball python skeleton (D)
  A ball python zombie (D)
  A giant gecko skeleton (D)
  A giant gecko zombie (D)
  2 fire vortices (D)
118 creatures vanquished.

Vanquished Creatures (collateral kills)
  A spriggan (D)
  An eye of draining (D)
  A giant frog (D)
  An iguana (D)
  A giant eyeball (D)
  2 adder skeletons (D)
7 creatures vanquished.

Vanquished Creatures (others)
  2 adder zombies (D)
  A bat zombie (D)
  2 fire vortices (D)
5 creatures vanquished.

Grand Total: 130 creatures vanquished

Notes
Turn   | Place    | Note
--------------------------------------------------------------
     0 | D        | oplop the Minotaur Fighter began the quest for the Orb.
     0 | D        | Reached XP level 1. HP: 19/19 MP: 0/0
     0 | D        | Found a roughly hewn altar of Beogh.
     0 | D        | Found a corrupted altar of Lugonu.
     0 | D        | Found a viscous altar of Jiyva.
     0 | D        | Found a white marble altar of Elyvilon.
     0 | D        | Found a sparkling altar of Nemelex Xobeh.
     0 | D        | Found a burning altar of Makhleb.
     0 | D        | Found an iron altar of Okawaru.
     0 | D        | Found a deep blue altar of Sif Muna.
     0 | D        | Found a radiant altar of Vehumet.
     0 | D        | Found a bloodstained altar of Trog.
     0 | D        | Found a shimmering altar of Xom.
    36 | D        | Became a worshipper of Makhleb the Destroyer
    41 | D        | Reached skill level 9 in Axes
    41 | D        | Reached XP level 2. HP: 26/26 MP: 1/1
    42 | D        | Entered arena 1.
    42 | D        | Noticed a tarantella
    42 | D        | Noticed a scorpion
    45 | D        | Killed a scorpion
    45 | D        | Reached XP level 3. HP: 24/34 MP: 2/2
    46 | D        | Killed a tarantella
    46 | D        | Reached * piety under Makhleb
    46 | D        | Reached skill level 10 in Axes
    46 | D        | Reached XP level 4. HP: 27/45 MP: 3/3
    46 | D        | Reached XP level 5. HP: 30/51 MP: 4/4
   191 | D        | Entered arena 2.
   191 | D        | Noticed a scorpion
   191 | D        | Noticed a tarantella
   191 | D        | Noticed a jumping spider
   193 | D        | Killed a tarantella
   193 | D        | Reached skill level 11 in Axes
   193 | D        | Reached XP level 6. HP: 58/61 MP: 4/7
   195 | D        | Killed a scorpion
   195 | D        | Reached ** piety under Makhleb
   197 | D        | Killed a jumping spider
   197 | D        | Reached XP level 7. HP: 42/69 MP: 4/9
   323 | D        | Entered arena 3.
   323 | D        | Noticed a spriggan
   323 | D        | Noticed a wolf
   323 | D        | Noticed a wolf
   323 | D        | Noticed a spriggan
   325 | D        | Killed a spriggan
   325 | D        | Reached skill level 12 in Axes
   326 | D        | Killed a wolf
   326 | D        | Reached *** piety under Makhleb
   326 | D        | Reached skill level 5 in Invocations
   328 | D        | Killed a wolf
   331 | D        | Killed a spriggan
   331 | D        | Reached XP level 8. HP: 61/79 MP: 9/11
   334 | D        | Got the cursed +0 pair of gloves "Reazxosheo" {rF+ Regen+ Int-2}
   342 | D        | Entered arena 4.
   342 | D        | Noticed a quasit
   342 | D        | Noticed an iron imp
   342 | D        | Noticed a crimson imp
   347 | D        | Killed a quasit
   347 | D        | Reached **** piety under Makhleb
   347 | D        | Killed an iron imp
   349 | D        | Killed a crimson imp
   374 | D        | Entered arena 5.
   374 | D        | Noticed a jumping spider
   374 | D        | Noticed a jumping spider
   374 | D        | Noticed a scorpion
   374 | D        | Noticed a scorpion
   374 | D        | Noticed a scorpion
   376 | D        | Killed a scorpion
   377 | D        | Killed a scorpion
   377 | D        | Reached ***** piety under Makhleb
   377 | D        | Reached skill level 10 in Fighting
   377 | D        | Reached skill level 10 in Armour
   377 | D        | Reached skill level 10 in Shields
   377 | D        | Killed a scorpion
   379 | D        | Killed a jumping spider
   379 | D        | Reached skill level 13 in Axes
   382 | D        | Killed a jumping spider
   387 | D        | Entered arena 6.
   387 | D        | Noticed a porcupine
   387 | D        | Noticed an iguana
   387 | D        | Noticed a spiny frog
   387 | D        | Noticed a giant frog
   387 | D        | Noticed a porcupine
   391 | D        | Killed a porcupine
   391 | D        | Killed an iguana
   392 | D        | Killed a porcupine
   392 | D        | Reached ****** piety under Makhleb
   392 | D        | Killed a spiny frog
   392 | D        | Reached XP level 9. HP: 89/89 MP: 13/13
   393 | D        | Killed a giant frog
   401 | D        | Entered arena 7.
   401 | D        | Noticed a gargoyle
   401 | D        | Noticed a gargoyle
   401 | D        | Noticed a toenail golem
   401 | D        | Noticed an earth elemental
   401 | D        | Noticed a toenail golem
   401 | D        | Noticed a toenail golem
   412 | D        | Killed a toenail golem
   413 | D        | Killed a gargoyle
   413 | D        | Reached skill level 14 in Axes
   414 | D        | Killed a gargoyle
   415 | D        | Killed a toenail golem
   419 | D        | Killed a toenail golem
   427 | D        | Killed an earth elemental
   427 | D        | HP: 4/91 [earth elemental/exploding inner flame[the player character] (2)]
   561 | D        | Entered arena 8.
   561 | D        | Noticed a jelly
   561 | D        | Noticed a jelly
   561 | D        | Noticed a golden eye
   561 | D        | Noticed an eye of draining
   561 | D        | Noticed a jelly
   561 | D        | Noticed a jelly
   564 | D        | Killed a jelly
   564 | D        | Reached XP level 10. HP: 99/99 MP: 15/15
   564 | D        | Killed a jelly
   566 | D        | Killed a jelly
   567 | D        | Killed a golden eye
   568 | D        | Killed a jelly
   570 | D        | Paralysed by a giant eyeball for 3 turns
   571 | D        | Killed an eye of draining
   577 | D        | Entered arena 9.
   577 | D        | Noticed a toenail golem
   577 | D        | Noticed a toenail golem
   577 | D        | Noticed an earth elemental
   577 | D        | Noticed a toenail golem
   577 | D        | Noticed a toenail golem
   577 | D        | Noticed an earth elemental
   577 | D        | Noticed an earth elemental
   577 | D        | Noticed a toenail golem
   582 | D        | Killed a toenail golem
   584 | D        | Killed a toenail golem
   584 | D        | Reached skill level 15 in Axes
   585 | D        | Killed a toenail golem
   585 | D        | Killed a toenail golem
   585 | D        | Reached skill level 10 in Invocations
   587 | D        | Killed a toenail golem
   589 | D        | Killed an earth elemental
   590 | D        | Killed an earth elemental
   592 | D        | Killed an earth elemental
   600 | D        | Entered arena 10.
   600 | D        | Noticed a crimson imp
   600 | D        | Noticed a crimson imp
   600 | D        | Noticed a small abomination
   600 | D        | Noticed a quasit
   600 | D        | Noticed a small abomination
   600 | D        | Noticed a quasit
   603 | D        | Killed a quasit
   604 | D        | Killed a quasit
   606 | D        | Killed a small abomination
   606 | D        | Killed a small abomination
   609 | D        | Killed a crimson imp
   612 | D        | Killed a crimson imp
   622 | D        | Entered arena 11.
   622 | D        | Noticed a necrophage
   622 | D        | Noticed a hell hound
   622 | D        | Noticed a balrug
   623 | D        | Noticed a shadow
   623 | D        | Noticed a wight
   623 | D        | Noticed a hellion
   623 | D        | Noticed a shadow
   626 | D        | Killed a hell hound
   627 | D        | Killed a necrophage
   630 | D        | Killed a hellion
   631 | D        | Killed a balrug
   631 | D        | Reached XP level 11. HP: 107/110 MP: 16/18
   632 | D        | Killed a shadow
   632 | D        | Reached skill level 16 in Axes
   632 | D        | Killed a wight
   633 | D        | Killed a shadow
   641 | D        | Entered arena 12.
   641 | D        | Noticed an efreet
   641 | D        | Noticed a fire drake
   642 | D        | Noticed a fire elemental
   642 | D        | Noticed a fire elemental
   642 | D        | Noticed a hell hog
   642 | D        | Noticed a fire giant
   642 | D        | Noticed a hell hog
   646 | D        | Killed a fire drake
   647 | D        | Killed a fire elemental
   648 | D        | Killed a hell hog
   650 | D        | Killed a hell hog
   650 | D        | Killed an efreet
   652 | D        | Killed a fire giant
   652 | D        | Reached skill level 15 in Fighting
   652 | D        | Reached skill level 15 in Armour
   652 | D        | Killed a fire elemental
   667 | D        | Got the ring "Piyte" {rN+ Str+7 Int+5}
   671 | D        | Entered arena 13.
   672 | D        | Noticed an ice beast
   673 | D        | Noticed an ice dragon
   673 | D        | Noticed an ice beast
   673 | D        | Noticed a freezing wraith
   677 | D        | Killed an ice beast
   682 | D        | Killed a freezing wraith
   682 | D        | Reached skill level 1 in Dodging
   683 | D        | Killed an ice beast
   687 | D        | Killed an ice dragon
   708 | D        | Entered arena 14.
   709 | D        | Noticed Edmund
   709 | D        | Noticed Psyche
   709 | D        | Noticed Polyphemus
   709 | D        | Noticed Maud
   709 | D        | Noticed Grinder
   709 | D        | Noticed Urug
   709 | D        | Noticed Prince Ribbit
   709 | D        | Noticed Nergalle
   709 | D        | Noticed Nikola
   710 | D        | Noticed Azrael
   712 | D        | Noticed Maurice
   715 | D        | Killed Edmund
   715 | D        | Reached skill level 17 in Axes
   716 | D        | Killed Grinder
   719 | D        | Noticed Harold
   721 | D        | Killed Maud
   721 | D        | Killed Psyche
   724 | D        | Killed Polyphemus
   724 | D        | Reached skill level 5 in Dodging
   724 | D        | Reached XP level 12. HP: 122/122 MP: 20/20
   725 | D        | Killed Maurice
   726 | D        | Killed Nergalle
   727 | D        | Noticed Saint Roka
   729 | D        | Killed Urug
   730 | D        | Killed Azrael
   733 | D        | Killed Nikola
   733 | D        | Reached skill level 18 in Axes
   738 | D        | Killed Harold
   748 | D        | Killed Saint Roka
   768 | D        | Entered arena 15.
   768 | D        | Noticed a vampire mage
   768 | D        | Noticed a vampire mage
   768 | D        | Noticed a vampire
   771 | D        | Noticed a shadow
   771 | D        | Noticed a necromancer
   771 | D        | Noticed an ancient lich
   771 | D        | Killed a vampire
   772 | D        | Noticed a shadow
   772 | D        | Noticed a necromancer
   772 | D        | Noticed a lich
   773 | D        | Noticed a shadow
   774 | D        | Killed a vampire mage
   774 | D        | Identified a +5 rod of clouds (5/11)
   777 | D        | Killed a vampire mage
   777 | D        | Reached skill level 19 in Axes
   779 | D        | Killed a shadow
   780 | D        | Noticed a hell beast
   782 | D        | Killed a shadow
   782 | D        | Killed a necromancer
   782 | D        | Reached skill level 10 in Dodging
   782 | D        | Reached XP level 13. HP: 134/134 MP: 22/22
   785 | D        | Killed a necromancer
   787 | D        | Killed a shadow
   790 | D        | Noticed a balrug
   791 | D        | Killed a lich
   791 | D        | Killed an ancient lich
   791 | D        | Reached skill level 15 in Invocations
   799 | D        | Entered arena 16.
   799 | D        | Noticed a vampire
   804 | D        | Killed a vampire
   804 | D        | Reached skill level 20 in Axes
   805 | D        | Noticed a balrug
   806 | D        | Noticed a wight
   806 | D        | Noticed a necrophage
   806 | D        | Noticed a necrophage
   806 | D        | Noticed a phantasmal warrior
   806 | D        | Noticed a crimson imp
   808 | D        | Noticed a hellion
   812 | D        | Killed a crimson imp
   813 | D        | Killed a necrophage
   813 | D        | Killed a wight
   814 | D        | Killed a balrug
   815 | D        | Killed a hellion
   817 | D        | Killed a necrophage
   822 | D        | Killed a phantasmal warrior
   855 | D        | Entered arena 17.
   858 | D        | Noticed a greater mummy
   858 | D        | Noticed a mummy priest
   858 | D        | Noticed an ushabti
   858 | D        | Noticed an anubis guard
   858 | D        | Noticed a guardian mummy
   859 | D        | Identified a +3 rod of shadows (5/10)
   860 | D        | Noticed an anubis guard
   861 | D        | Noticed a flying skull
   861 | D        | Noticed an ushabti
   861 | D        | Noticed a mummy priest
   861 | D        | Noticed a greater mummy
   864 | D        | Killed from afar by a greater mummy

Action                   |  1- 3 |  4- 6 |  7- 9 | 10-12 | 13-15 || total
-------------------------+-------+-------+-------+-------+-------++-------
Melee: Broad axe         |     4 |     5 |    22 |   105 |    24 ||   160
       Great mace        |       |       |    13 |       |     2 ||    15
Evoke: Lamp of fire      |       |       |       |       |     1 ||     1
  Use: Potion            |     1 |       |       |       |     1 ||     2
       Scroll            |       |       |     1 |     1 |     1 ||     3
